 Dungeon Crawl Stone Soup version 0.30-a0-1112-gfb780f5df6 (webtiles) character file.

Game seed: 1705303373765933064

48628 voltaire321 the Protected (level 14, -5/129 HPs)
             Began as a Minotaur Fighter on Apr 19, 2023.
             Was a High Priest of Wu Jian.
             Slain by an ice devil (10 damage)
             ... summoned by an orc sorcerer
             ... while paralysed by an orc sorcerer
             ... on level 2 of the Orcish Mines.
             The game lasted 00:47:06 (14613 turns).

voltaire321 the Protected (Minotaur Fighter)       Turns: 14613, Time: 00:47:07

Health: -5/129     AC: 25    Str: 24    XL:     14   Next: 13%
Magic:  13/13      EV:  2    Int:  5    God:    Wu Jian [*****.]
Gold:   2006       SH:  0    Dex: 14    Spells: 13/13 levels left

rFire   + . .      SeeInvis .    C - +10 trident of Ypnaipn {drain, rF+}
rCold   . . .      Faith    .    o - +0 tower shield
rNeg    . . .      Spirit   .    a - +0 plate armour of Theory {rPois Dex+2 Slay+2}
rPois   +          Reflect  .    (helmet restricted)
rElec   .          Rampage  .    (no cloak)
rCorr   +                        j - +2 pair of gloves
Will    +....                    U - +0 pair of boots Stlth
                                 m - amulet of regeneration
HPRegen 1.21/turn                r - +4 ring of protection
MPRegen 0.13/turn                X - ring of resist corrosion

@: paralysed
A: horns 2, retaliatory headbutt
a: Renounce Religion, Wall Jump, Serpent's Lash, Heavenly Storm


You were on level 2 of the Orcish Mines.
You worshipped Wu Jian.
Wu Jian was extremely pleased with you.
You visited 4 branches of the dungeon, and saw 19 of its levels.
You also visited: Sewer.

You collected 2006 gold pieces.

Inventory:

Hand Weapons
 C - the +10 trident of Ypnaipn (weapon) {drain, rF+}
   (You found it on level 5 of the Dungeon)

   rF:        It protects you from fire.
 Z - a +3 broad axe of draining
Missiles
 S - a curare-tipped dart
 T - 2 throwing nets (quivered)
Armour
 a - the +0 plate armour of Theory (worn) {rPois Dex+2 Slay+2}
   (You acquired it on level 4 of the Lair of Beasts)

   Dex:       It affects your dexterity (+2).
   Slay:      It affects your accuracy & damage with ranged weapons and melee
   (+2).
   rPois:     It protects you from poison.
 j - a +2 pair of gloves (worn)
 o - a +0 tower shield (worn)
 M - the +4 scale mail "Poillu" {rF+++ Str+2 Dex-3 SInv}
   (You found it on level 7 of the Dungeon)

   Str:       It affects your strength (+2).
   Dex:       It affects your dexterity (-3).
   rF:        It renders you almost immune to fire.
   SInv:      It lets you see invisible.
 U - a +0 pair of boots (worn)
Jewellery
 m - an amulet of regeneration (around neck)
 r - a +4 ring of protection (left hand)
 X - a ring of resist corrosion (right hand)
Wands
 v - a wand of digging (12)
 y - a wand of flame (43)
 z - a wand of polymorph (4)
 B - a wand of charming (16)
 N - a wand of iceblast (15)
 Q - a wand of mindburst (18)
Scrolls
 b - 5 scrolls of teleportation
 e - 2 scrolls of silence
 g - 6 scrolls of fog
 i - 3 scrolls of identify
 l - 2 scrolls of amnesia
 p - 4 scrolls of fear
 q - 4 scrolls of blinking
 s - 6 scrolls of enchant armour
 w - 2 scrolls of poison
Potions
 c - a potion of resistance
 d - a potion of might
 f - 3 potions of brilliance
 h - a potion of cancellation
 k - 4 potions of berserk rage
 n - 5 potions of flight
 t - 3 potions of lignification
 u - 11 potions of curing
 A - 3 potions of mutation
 G - 2 potions of haste
 K - 2 potions of ambrosia
 P - a potion of invisibility
 V - 6 potions of heal wounds


   Skills:
 + Level 13.6 Fighting
 + Level 13.3 Axes
 + Level 13.6 Armour
 + Level 12.0 Dodging
 - Level 10.0 Shields
 + Level 8.7 Evocations


You had 13 spell levels left.
You didn't know any spells.
Your spell library contained the following spells:

 Spells                   Type           Power      Damage    Failure   Level
 Foxfire                  Conj/Fire      0%         2x1d4     100%        1
 Slow                     Hex            0%         N/A       100%        1
 Summon Small Mammal      Summ           0%         N/A       100%        1
 Lesser Beckoning         Tloc           0%         N/A       100%        2
 Dazzling Flash           Conj/Hex       0%         N/A       100%        3
 Frozen Ramparts          Ice            0%         1d1       100%        3
 Gell's Gravitas          Tloc           0%         N/A       100%        3
 Teleport Other           Tloc           0%         N/A       100%        3
 Ice Form                 Ice/Tmut       0%         N/A       100%        4
 Summon Ice Beast         Ice/Summ       0%         N/A       100%        4
 Agony                    Necr           0%         N/A       100%        5
 Fireball                 Conj/Fire      0%         3d3       100%        5
 Silence                  Hex/Air        0%         N/A       100%        5
 Conjure Ball Lightning   Conj/Air       0%         3x3d6     100%        6
 Plasma Beam              Fire/Air       0%         2x1d11    100%        6
 Starburst                Conj/Fire      0%         6d3       100%        6
 Discord                  Hex            0%         N/A       100%        8
 Disjunction              Tloc           0%         N/A       100%        8


Dungeon Overview and Level Annotations

Branches:
Dungeon (11/15)            Temple (1/1) D:6            Lair (5/5) D:11
  Swamp (0/4) Lair:2       Spider (0/4) Lair:2        Slime (0/5) Lair:4
    Orc (2/2) D:9           Sewer (visited)
    Elf: Orc:2

Altars:
Ashenzari
Cheibriados
Dithmenos
Elyvilon
Fedhas
Gozag
Hepliaklqana
Kikubaaqudgha
Makhleb
Nemelex Xobeh
Okawaru
Qazlal
Ru
Sif Muna
Trog
Uskayaw
Vehumet
Wu Jian
Xom
Yredelemnul
Zin
The Shining One

Shops:
D:3 (


Innate Abilities, Weirdness & Mutations

You have a pair of horns on your head.
You reflexively headbutt those who attack you in melee.


Message History

An orc comes into view. It is wielding a +0 hand axe.
The orc sorcerer gestures wildly while chanting. x3
The orc priest looks braver for a moment.
The orc wizard moves out of view.
You hear a shout!
You hit the orc sorcerer but do no damage.
The orc sorcerer is almost dead.
The orc sorcerer gestures wildly while chanting.
The orc priest hits you but does no damage.
The orc sorcerer gestures at you while chanting.
You suddenly lose the ability to move!
Something hits you but does no damage.
The orc priest mumbles some strange prayers to Beogh against you.
Beogh smites you!
The orc priest hits you but does no damage.
Something hits you but does no damage.
The orc sorcerer hits you with a +0 dagger.
The ice devil hits you but does no damage.
The orc priest calls down the wrath of Beogh upon you.
Beogh smites you!
The orc priest hits you but does no damage.
The ice devil hits you. The ice devil freezes you!!
* * * LOW HITPOINT WARNING * * *
Something hits you but does no damage.
The orc sorcerer hits you but does no damage. x2
The orc priest looks braver for a moment.
The orc priest calls down the wrath of Beogh upon you.
Beogh smites you!
* * * LOW HITPOINT WARNING * * *
The orc priest hits you but does no damage.
The ice devil barely misses you.
The orc sorcerer points at you and mumbles some strange words.
You resist with some effort. Something hits you but does no damage.
The orc sorcerer hits you but does no damage.
The orc priest calls down the wrath of Beogh upon you.
Beogh smites you!
* * * LOW HITPOINT WARNING * * *
An orc comes into view. It is wielding a +0 whip of pain.
The orc priest hits you but does no damage.
The ice devil hits you!
You die...

o### .# .... #.# ..
...{o #..#. ..
#o4o######..... ..
.oo.o.o......
.##..... oo.3o4...
......... ##o#{#.##
........##
#.o@o)..#...........
##4#)....#..........
###.#..............
#......#..........
####................
##.#.#...............
#.................^..
##.....#.............
##.#.................


You could see a hellwing (summoned), 2 ice devils, 3 orc sorcerers, 2 orc
warriors, 6 orc priests, an orc wizard and 2 orcs.

Vanquished Creatures
  Josephine (Lair:5)
  Harold (D:9)
  A hydra (Lair:5)
  Erolcha (D:9)
  2 boulder beetles (Lair:5)
  3 two-headed ogres
  2 catoblepae
  11 death yaks
  A deep troll shaman (Lair:5)
  An orc high priest (Orc:2)
  A skyshark (Lair:4)
  An orc knight (Orc:1)
  A deep elf zephyrmancer (D:11)
  A lindwurm (Lair:5)
  2 orc sorcerers
  A wolf spider (Lair:2)
  12 elephants
  A manticore (D:7)
  2 oklob plants (Lair:3)
  Joseph (D:8)
  3 black mambas (Lair:5)
  An unseen horror (D:11)
  9 cane toads
  A torpor snail (Lair:3)
  A rime drake (Lair:4)
  8 komodo dragons
  3 trolls
  2 polar bears (Lair:5)
  2 tyrant leeches (Lair:2)
  Grinder (D:3)
  7 dream sheep (Lair:3)
  3 blink frogs (Lair:3)
  A vampire (D:11)
  3 wyverns
  A shadow (D:11)
  4 wraiths (Lair:5)
  35 yaks
  6 basilisks
  A steam dragon (D:10)
  2 wargs
  3 acid dragons
  10 water moccasins
  Duvessa (D:6)
  Pargi (Sewer)
  3 ice beasts
  9 orc warriors
  4 sky beasts
  3 black bears
  9 centaurs
  4 ogres
  8 wolves
  A phantom (D:4)
  4 kobold brigands
  13 bullfrogs
  4 scorpions
  Dowan (D:6)
  4 killer bees (D:10)
  3 vampire bats
  5 howler monkeys
  7 jellies
  A gnoll bouda (D:10)
  10 orc priests
  Jessica (D:3)
  Ijyb (D:3)
  Natasha (twice) (D:3)
  3 iguanas
  14 orc wizards
  7 hell rats (Lair:4)
  A scorpion zombie (D:4)
  A hound zombie (D:4)
  3 gnolls (D:10)
  18 adders
  2 river rats (D:5)
  A white imp (D:7)
  An ufetubus (D:4)
  2 adder zombies (D:4)
  2 worms
  3 dart slugs
  3 fire bats (D:4)
  55 orcs
  2 spectral bats (D:4)
  6 ball pythons
  3 bat skeletons (D:4)
  A bat zombie (D:4)
  17 endoplasms
  A giant cockroach (D:2)
  3 goblins
  3 hobgoblins
  6 jackals
  6 quokkas
  20 bats
  A bat simulacrum (D:4)
  2 frilled lizards (D:1)
  26 kobolds
  3 rats
  A butterfly (Lair:4)
470 creatures vanquished.

Vanquished Creatures (others)
  A goblin (D:3)
  A bush (Lair:2)
  16 fungi
  29 plants
  11 toadstools (D:3)
  2 withered plants (D:4)
60 creatures vanquished.

Grand Total: 530 creatures vanquished

Notes
Turn   | Place    | Note
-------+----------+-------------------------------------------
     0 | D:1      | voltaire321 the Minotaur Fighter began the quest for the
                  | Orb.
     0 | D:1      | Reached XP level 1. HP: 19/19 MP: 0/0
   147 | D:1      | Reached XP level 2. HP: 27/27 MP: 1/1
   466 | D:1      | Found a faded altar of an unknown god.
   632 | D:2      | Reached skill level 1 in Dodging
   835 | D:2      | Reached XP level 3. HP: 26/33 MP: 2/2
  1357 | D:3      | Reached XP level 4. HP: 40/40 MP: 3/3
  1385 | D:3      | Found a shimmering altar of Xom.
  1428 | D:3      | Reached XP level 5. HP: 47/47 MP: 4/4
  1549 | D:3      | Noticed Jessica
  1553 | D:3      | Killed Jessica
  1580 | D:3      | Noticed Ijyb
  1591 | D:3      | Killed Ijyb
  1771 | D:3      | Noticed Natasha
  1775 | D:3      | Killed Natasha
  1954 | D:3      | Noticed Grinder
  1957 | D:3      | Paralysed by Grinder for 3 turns
  1958 | D:3      | Reached XP level 6. HP: 53/55 MP: 5/5
  1967 | D:3      | Paralysed by Grinder for 5 turns
  1976 | D:3      | Noticed Natasha
  1982 | D:3      | Killed Grinder
  1983 | D:3      | Reached skill level 5 in Fighting
  1983 | D:3      | Reached skill level 5 in Armour
  1983 | D:3      | Reached skill level 5 in Shields
  1994 | D:3      | Killed Natasha
  2044 | D:3      | Found Woprunasor's Weapon Shoppe.
  2189 | D:4      | Found a radiant altar of Vehumet.
  2203 | D:4      | Reached XP level 7. HP: 61/61 MP: 6/6
  2407 | D:4      | Found an ancient bone altar of Kikubaaqudgha.
  2530 | D:4      | Reached skill level 5 in Axes
  3026 | D:5      | Entered Level 5 of the Dungeon
  3259 | D:5      | Reached XP level 8. HP: 66/70 MP: 7/7
  3352 | D:5      | Identified the +10 trident of Ypnaipn {drain, rF+}
  3357 | D:5      | Found a glowing silver altar of Zin.
  3573 | D:5      | Found a glowing drain.
  3590 | Sewer    | Entered a sewer
  3609 | Sewer    | Noticed Pargi
  3614 | Sewer    | Killed Pargi
  4169 | D:6      | Found a staircase to the Ecumenical Temple.
  4235 | Temple   | Entered the Ecumenical Temple
  4266 | Temple   | Became a worshipper of the Wu Jian Council
  4320 | D:6      | Noticed Dowan
  4321 | D:6      | Found a shimmering blue altar of Sif Muna.
  4326 | D:6      | Killed Dowan
  4327 | D:6      | Reached skill level 5 in Dodging
  4328 | D:6      | Noticed Duvessa
  4339 | D:6      | Killed Duvessa
  4342 | D:6      | Got Sif Muna's Anthology of Destined Leadership
  4391 | D:6      | Found a bloodstained altar of Trog.
  4726 | D:7      | Identified the +4 scale mail "Poillu" {rF+++ Str+2 Dex-3
                  | SInv}
  4760 | D:7      | Reached XP level 9. HP: 79/79 MP: 8/8
  4897 | D:7      | Reached * piety under Wu Jian
  5155 | D:7      | Noticed a manticore
  5161 | D:7      | Killed a manticore
  5397 | D:8      | Noticed Joseph
  5406 | D:8      | Killed Joseph
  5460 | D:8      | Reached skill level 1 in Evocations
  5596 | D:8      | Noticed a two-headed ogre
  5602 | D:8      | Killed a two-headed ogre
  5717 | D:8      | Reached XP level 10. HP: 90/90 MP: 9/9
  6167 | D:9      | Noticed Erolcha
  6171 | D:9      | Killed Erolcha
  6242 | D:9      | Noticed Harold
  6249 | D:9      | Killed Harold
  6347 | D:9      | Reached ** piety under Wu Jian
  6362 | D:9      | Found a staircase to the Orcish Mines.
  6835 | D:10     | Entered Level 10 of the Dungeon
  6835 | D:10     | Noticed a two-headed ogre
  6842 | D:10     | Killed a two-headed ogre
  7019 | D:10     | Reached XP level 11. HP: 94/97 MP: 10/10
  7221 | D:10     | Reached *** piety under Wu Jian
  7569 | D:11     | Found a staircase to the Lair.
  7597 | D:11     | Noticed a skeletal warrior
  7598 | D:11     | Noticed a skeletal warrior
  7598 | D:11     | Noticed a skeletal warrior
  7617 | D:11     | Reached skill level 10 in Shields
  7628 | D:11     | Reached skill level 10 in Armour
  7634 | D:11     | Reached skill level 10 in Fighting
  7819 | D:11     | Noticed a two-headed ogre
  7826 | D:11     | Killed a two-headed ogre
  7958 | D:11     | Noticed a deep elf zephyrmancer
  7958 | D:11     | Noticed a deep elf pyromancer
  7958 | D:11     | Noticed a deep elf pyromancer
  7958 | D:11     | Noticed a deep elf zephyrmancer
  7958 | D:11     | Noticed a deep elf pyromancer
  7958 | D:11     | Noticed a deep elf zephyrmancer
  7958 | D:11     | Noticed a deep elf zephyrmancer
  7958 | D:11     | Noticed a deep elf zephyrmancer
  7967 | D:11     | Killed a deep elf zephyrmancer
  7968 | D:11     | Reached skill level 10 in Axes
  7981 | D:11     | Reached skill level 5 in Evocations
  8056 | Lair:1   | Entered Level 1 of the Lair of Beasts
  8308 | Lair:1   | Reached **** piety under Wu Jian
  8734 | Lair:2   | Found a sacrificial altar of Ru.
  9283 | Lair:2   | Found a staircase to the Swamp.
  9427 | Lair:2   | Found a hole to the Spider Nest.
  9427 | Lair:2   | Noticed a wolf spider
  9433 | Lair:2   | Killed a wolf spider
  9532 | Lair:2   | Reached XP level 12. HP: 108/108 MP: 11/11
 10318 | Lair:3   | Reached skill level 10 in Dodging
 10718 | Lair:4   | Noticed a death yak
 10718 | Lair:4   | Noticed a death yak
 10718 | Lair:4   | Noticed a death yak
 10798 | Lair:3   | Killed a death yak
 10806 | Lair:3   | Killed a death yak
 10813 | Lair:3   | Killed a death yak
 11222 | Lair:4   | Identified a scroll of acquirement
 11222 | Lair:4   | Acquired the +0 plate armour of Theory {rPois Dex+2 Slay+2}
 11257 | Lair:4   | Noticed a death yak
 11271 | Lair:4   | Killed a death yak
 11274 | Lair:4   | Reached ***** piety under Wu Jian
 11393 | Lair:4   | Found a staircase to the Slime Pits.
 11474 | Lair:4   | Reached XP level 13. HP: 118/118 MP: 12/12
 12421 | Lair:5   | Entered Level 5 of the Lair of Beasts
 12861 | Lair:5   | Noticed Josephine
 12874 | Lair:5   | Killed Josephine
 13031 | Lair:5   | Identified the staff of air "Poup" {Fragile rElec rPois
                  | rN+++ Dex-3}
 13776 | D:7      | Reached XP level 14. HP: 126/129 MP: 13/13
 13883 | Orc:1    | Entered Level 1 of the Orcish Mines
 14177 | Orc:2    | Entered Level 2 of the Orcish Mines
 14609 | Orc:2    | Paralysed by an orc sorcerer for 5 turns
 14612 | Orc:2    | HP: 4/129 [orc priest/divine providence (14)]
 14613 | Orc:2    | Slain by an ice devil

Illustrated notes

Levels and vault maps discovered:
D:1:      roderic_chinese_lattice_arrival, layout_basic,
          dreamdust_ecumenical_altar_grove
D:2:      layout_loops_ring
D:3:      cheibrodos_fertilizer, layout_basic, dk_xom_monty_hall, serial_shops,
          nicolae_lakefront_shop, minmay_misc_feat_cross, serial_bayou_lagoon_b,
          uniq_ijyb, uniq_natasha, uniq_jessica, uniq_grinder
D:4:      layout_basic, lemuel_tele_altar, vehumet_crystals, serial_undead,
          serial_undead_c, serial_undead_e, serial_undead_a, serial_undead_e,
          serial_undead_e, goddamned_bats
D:5:      layout_basic, zin_treasury, lightli_sewer_entry_pipes
D:6:      layout_loops_ring, nzn_overflow_gifts_of_might_and_magic,
          minmay_temple_entry_statues_pillars
D:7:      layout_basic, serial_curves, eino_curves_01, eino_curves_03,
          eino_curves_04, eino_curves_02, uniq_duvessa
D:8:      layout_gridville, uniq_joseph
D:9:      layout_loops_ring, erik_orc_4, roderic_lattice_a, uniq_erolcha,
          uniq_harold
D:10:     layout_basic, minmay_misc_feat_more_columns
D:11:     layout_gridville, david_lair_generic, elves_outpost_lemuel, uniq_urug
Temple:   lightli_temple_of_artemis
Lair:1:   layout_chaotic_city, cheibrodos_lair_reptile_den
Lair:2:   layout_cave_pods, minmay_swamp_entry_worms, spider_nest_entry_rubble,
          lemuel_centaur_altar
Lair:3:   layout_small_grid
Lair:4:   layout_cave_shapes, nicolae_slime_entry_slimehenge, roderic_batcave,
          lookout_lair_type, beast_lair_carwin_10, lemuel_fruit_fields,
          lemuel_fruit_tree
Lair:5:   grunt_lair_end_beastmaster, layout_cave_pods, uniq_josephine
Orc:1:    layout_caves
Orc:2:    st_orc_mages, layout_caves

Skill      XL: |  1  2  3  4  5  6  7  8  9 10 11 12 13 14 |
---------------+-------------------------------------------+-----
Dodging        | 1 2 3 4 5 6 7 9 10 11 12 | 12.0
Fighting       | 4 5 6 7 8 9 10 12 13 | 13.6
Shields        | 4 5 6 7 8 9 10 | 10.0
Axes           | 3 4 5 6 8 9 10 11 13 | 13.3
Armour         | 4 5 6 7 8 9 10 12 13 | 13.6
Evocations     | 2 3 5 7 8 |  8.7

Action                     |  1- 3 |  4- 6 |  7- 9 | 10-12 | 13-15 || total
---------------------------+-------+-------+-------+-------+-------++-------
  Melee: War axe           |    85 |    83 |    93 |       |       ||   261
         Headbutt          |    11 |    15 |    31 |    94 |    96 ||   247
         Trident           |       |       |   154 |   601 |   423 ||  1178
  Throw: Dart              |       |       |       |     1 |       ||     1
Ability: Lunge             |       |       |       |    15 |     8 ||    23
         Whirlwind         |       |       |       |    42 |    79 ||   121
    Use: Scroll            |       |       |       |    33 |     1 ||    34
   Stab: Petrified         |       |       |       |       |     7 ||     7
         Petrifying        |       |       |       |       |     1 ||     1
 Armour: Scale mail        |    15 |       |    30 |   202 |       ||   247
         Chain mail        |    24 |    53 |   128 |       |       ||   205
         Plate armour      |       |       |       |    27 |   168 ||   195
  Dodge: Dodged            |    34 |    33 |   126 |   257 |   140 ||   590
  Block: Buckler           |    15 |    15 |    63 |   147 |    17 ||   257
         Tower shield      |       |       |       |       |   221 ||   221

Table legend: (Time is in decaauts)
 A = Elapsed time spent in this place.
 B = Non-inter-level travel time spent in this place.
 C = Inter-level travel time spent in this place.
 D = Time resting spent in this place.
 E = Time spent auto-exploring this place.
 F = Levels seen in this place.
 G = Mean time per level.
                   A        B        C        D        E       F      G
               +--------+--------+--------+--------+--------+-----+--------+
         Total |  14886 |  14231 |    655 |   1291 |   8604 |  20 |  744.3 |
       Dungeon |   8330 |   7978 |    352 |    441 |   5245 |  11 |  757.3 |
        Temple |     45 |     45 |      0 |      0 |      2 |   1 |   45.0 |
          Lair |   5697 |   5412 |    285 |    833 |   2945 |   5 | 1139.4 |
  Orcish Mines |    741 |    723 |     18 |     17 |    389 |   2 |  370.5 |
         Sewer |     70 |     70 |      0 |      0 |     23 |   1 |   70.0 |
               +--------+--------+--------+--------+--------+-----+--------+

Top non-repeatable levels by time:
  Lair:4: 1614 daAuts
  Lair:2: 1272 daAuts
  Lair:5: 1194 daAuts
     D:3: 951 daAuts
     D:5: 937 daAuts
     D:9: 935 daAuts
  Lair:3: 918 daAuts
     D:4: 902 daAuts
    D:10: 757 daAuts
     D:7: 715 daAuts
  Lair:1: 698 daAuts
     D:6: 694 daAuts
     D:2: 679 daAuts
     D:8: 630 daAuts
     D:1: 591 daAuts
